 Dungeon Crawl Stone Soup version 0.29.0-15-g675c0067aa (webtiles) character file.

Game seed: 7841618118606133303

38 qw the Chopper (level 3, 0/23 HPs)
             Began as a Gargoyle Fighter on Sept 12, 2022.
             Slain by Terence
             ... wielding a +2 flail of protection
              (6 damage)
             ... on level 2 of the Dungeon.
             The game lasted 00:00:23 (1308 turns).

qw the Chopper (Gargoyle Fighter)                   Turns: 1308, Time: 00:00:23

Health: 0/23       AC: 14    Str: 21    XL:     3   Next: 43%
Magic:  3/3        EV:  5    Int:  8    God:
Gold:   86         SH:  4    Dex:  9    Spells: 2/2 levels left

rFire   . . .      SeeInvis .   Y - +0 war axe
rCold   . . .      Faith    .   c - +0 buckler
rNeg    + . .      Spirit   .   h - +0 plate armour
rPois   inf        Reflect  .   (no helmet)
rElec   +          Harm     .   (no cloak)
rCorr   .          Rampage  .   (no gloves)
Will    .....                   (no boots)
Stlth   ..........              (no amulet)
HPRegen 0.07/turn               (no ring)
MPRegen 0.08/turn               (no ring)

@: no status effects
A: sickness immunity, AC +3, negative energy resistance 1, electricity
resistance, torment resistance 1, petrification resistance
a: no special abilities


You were on level 2 of the Dungeon.
You visited 1 branch of the dungeon, and saw 2 of its levels.

You collected 86 gold pieces.


Innate Abilities, Weirdness & Mutations

You are immune to sickness and miasma.
Your stone body is resilient. (AC +3)
You are immune to poison.
You resist negative energy. (rN+)
You are resistant to electric shocks. (rElec)
You are resistant to unholy torment.
You are immune to petrification.


   Skills:
 - Level 3.2 Fighting
 + Level 3.4 Axes
 - Level 3.2 Armour
 - Level 3.2 Shields


You had 2 spell levels left.
You didn't know any spells.
Your spell library was empty.

Inventory:

Hand Weapons
 a - a +0 mace
 Y - a +0 war axe (weapon)
Armour
 c - a +0 buckler (worn)
 h - a +0 plate armour (worn)
Scrolls
 e - 3 scrolls of identify
 f - a scroll of vulnerability {unknown}
Potions
 b - a potion of haste {unknown}
 d - a potion of might
 g - a potion of attraction {unknown}
 i - 2 potions of curing {unknown}

Dungeon Overview and Level Annotations

Branches:
Dungeon (2/15)

Altars:

Shops:
D:1 [

Annotations:
D:2 1 runed translucent door, Crazy Yiuf, Terence


Message History

Found a book of Minor Magic.
Found a short sword.
Found 5 stones.
You now have 70 gold pieces (gained 8).
i - 2 green potions (gained 1)
A rat comes into view.
The rat barely misses you.
You barely miss the rat. The rat barely misses you.
You barely miss the rat. The rat bites you but does no damage.
The rat closely misses you.
You slash the rat!
You kill the rat!
You open the door.
There is an open door here.
You now have 86 gold pieces (gained 16).
A dart slug comes into view.
Enter note: Terence the Incautious comes into view.
He is wielding a +2 flail of protection.
Terence shouts!
You hit the dart slug but do no damage. You block the dart slug's attack.
You slash the dart slug!
You kill the dart slug!
Terence says, "How do you enjoy it?"
You hit Terence.
Terence is moderately wounded.
A hobgoblin comes into view.
Terence hits you with a +2 flail of protection!
1306 ||| Stepping ~*~*~tactically~*~*~ (stealth).
Terence attacks as you move away! Terence completely misses you.
You barely miss Terence.
Terence is moderately wounded.
Terence barely misses you.
You closely miss Terence.
Terence is moderately wounded.
Terence hits you with a +2 flail of protection!
Terence says, "You're history."
Terence hits you with a +2 flail of protection.
You die...

##'## #.# #.#
#(# #.# ####
#.# ##.## ..g
..#
.######...##
..#
...........#
..#
#######...##
..# #.#
#..####.#...#
#....@@....#
#######.####
.# .. ###


You could see Terence.

Vanquished Creatures
  A worm (D:2)
  4 dart slugs
  4 ball pythons (D:1)
  An endoplasm (D:1)
  2 giant cockroaches
  2 goblins (D:1)
  2 hobgoblins (D:1)
  A quokka (D:1)
  3 frilled lizards (D:1)
  5 kobolds
  A rat (D:2)
26 creatures vanquished.

Notes
Turn   | Place    | Note
-------+----------+-------------------------------------------
     0 | D:1      | qw the Gargoyle Fighter began the quest for the Orb.
     0 | D:1      | Reached XP level 1. HP: 14/14 MP: 1/1
     0 | D:1      | 0 ||| qw: Version: 0.1-a-119-g272c26d
     0 | D:1      | 0 ||| qw: Game counter: 10962
     0 | D:1      | 0 ||| qw: Always use a shield: true
     0 | D:1      | 0 ||| qw: God list: Okawaru
     0 | D:1      | 0 ||| qw: Allow faded altars: false
     0 | D:1      | 0 ||| qw: Do Orc after D:15 true
     0 | D:1      | 0 ||| qw: Do second Lair branch before Depths: true
     0 | D:1      | 0 ||| qw: Lair rune preference: random
     0 | D:1      | 0 ||| qw: Plans: Normal, Zot, God:TSO, Crypt, Tomb, Pan,
                  | Slime, Hells, Zig, Abyss, Orb
     0 | D:1      | 0 ||| PLANNING D:1-11
    81 | D:1      | Reached XP level 2. HP: 19/19 MP: 2/2
   119 | D:1      | 119 ||| Stepping ~*~*~tactically~*~*~ (stealth).
   120 | D:1      | 120 ||| Stepping ~*~*~tactically~*~*~ (stealth).
   121 | D:1      | 121 ||| Stepping ~*~*~tactically~*~*~ (stealth).
   280 | D:1      | Found Ligilay's Armour Boutique.
   289 | D:1      | 289 ||| SHOPLISTING +2 cloak (214 gold, have 38).
   289 | D:1      | 289 ||| SHOPLISTING +2 leather armour of cold resistance
                  | (247 gold, have 38).
   289 | D:1      | 289 ||| SHOPLISTING +3 ring mail of cold resistance (338
                  | gold, have 38).
   480 | D:1      | Reached skill level 3 in Axes
   555 | D:1      | Found a faded altar of an unknown god.
   647 | D:1      | 647 ||| UPGRADING to +0 plate armour.
   657 | D:1      | 657 ||| DROPPING +0 scale mail.
   658 | D:1      | 658 ||| READING scroll labelled QOHIXU MIONUGG.
   659 | D:1      | 659 ||| READING scroll labelled YJI RI OFOCUASM.
   737 | D:2      | 737 ||| DROPPING +0 club.
   752 | D:2      | Reached XP level 3. HP: 20/23 MP: 3/3
   835 | D:2      | 835 ||| Stepping ~*~*~tactically~*~*~ (hiding).
  1007 | D:2      | Found a runed translucent door.
  1008 | D:2      | Noticed Crazy Yiuf
  1302 | D:2      | Noticed Terence
  1306 | D:2      | 1306 ||| Stepping ~*~*~tactically~*~*~ (stealth).
  1308 | D:2      | Slain by Terence

Levels and vault maps discovered:
D:1:      eino_arrival_tree_alley, layout_rooms,
          shapermc_ecumenical_altar_pompeii, serial_shops, shop,
          dk_noncrumbling_3, due_unseen_surprise
D:2:      layout_loops_corners, minmay_misc_feat_rows, uniq_crazy_yiuf_cottage,
          uniq_terence

Skill      XL: |  1  2 |
---------------+-------+-----
Axes           | 2 3 |  3.4
Fighting       | |  3.2
Armour         | |  3.2
Shields        | |  3.2

Action                   || total
-------------------------++-------
Melee: War axe           ||    64
  Use: Scroll            ||     2
Armor: Scale mail        ||    14
       Plate armour      ||    12
Dodge: Dodged            ||    24
Block: Buckler           ||    10

Table legend:
 A = Non-vault XP
 B = Vault XP
 C = Vault XP percentage of total XP
 D = Non-vault monster count
 E = Vault monster count
 F = Vault count percentage of total count
                 A         B        C        D         E       F
            +---------+---------+-------+---------+---------+-------
      Total |      55 |       0 |   0.0 |      26 |       0 |   0.0
            +---------+---------+-------+---------+---------+-------
        D:1 |      32 |       0 |   0.0 |      18 |       0 |   0.0
        D:2 |      23 |       0 |   0.0 |       8 |       0 |   0.0
            +---------+---------+-------+---------+---------+-------
